Map: Crête de Lerilak

Players

countzero

  • Race: Terran Terran
  • League: Bronze
  • Spawn Location: 5:00

zidar - Winner!

  • Race: Zerg Zerg
  • League: Silver
  • Spawn Location: 11:00

VOD

Have the link to the VOD?

Description

Time

  • Played on: Dec. 30, 2015, 11:37 a.m.
  • Length: 8:59
Show
View Real Time Build Order
Export as new Build Order

countzero Terran 

Build Orders:  

Get SALT Encoding   

  12  0:01  SCV  
  13  0:13  SCV  
  14  0:17  Supply Depot  
  14  0:25  SCV  
  15  0:31  Supply Depot  
  16  0:50  SCV  
  16  0:55  Barracks  
  16  1:00  Refinery  
  16  1:02  SCV  
  17  1:07  Refinery  
  17  1:22  SCV  
  18  1:36  SCV  
  19  1:47  Barracks  
  19  1:49  Marine  
  20  1:55  Engineering Bay  
  20  2:20  Orbital Command  
  20  2:21  Barracks Reactor  
  20  2:39  Supply Depot  
  20  2:41  Barracks Reactor  
  20  2:55  Terran Infantry Weapons Level 1  
  20  3:02  Reaper, Missile Turret  
  20  3:03  Reaper  
  22  3:10  SCV  
  24  3:20  Reaper x2  
  24  3:22  SCV  
  26  3:56  Reaper x2  
  26  3:57  Reaper x2  
  29  4:30  Reaper x3  
  29  4:31  Reaper  
  33  4:43  Command Center  
  33  4:46  Factory  
  31  5:02  Reaper  
  31  5:50  Reaper x4  
  29  6:31  Marine  
  29  6:32  Marine  
  31  6:33  Marine  
  31  6:34  Marine  
  33  6:49  Marine x2  
  33  6:51  Marine  
  33  6:52  Marine  
  36  7:07  Marine x2  
  37  7:09  Marine x2  
  37  7:11  Factory Tech Lab  
  39  7:25  Marine x2  
  39  7:27  Marine x2  
  43  7:33  Starport x2  
  43  7:35  Starport  
  43  7:48  SCV  
  44  7:53  Siege Tank  
  44  7:55  Marine x2  
  44  7:56  Marine x2  
  51  8:00  SCV  
  52  8:12  Marine, SCV  
  52  8:14  Supply Depot  
  52  8:16  Marine  
  52  8:17  Supply Depot  
  52  8:18  Supply Depot  
  54  8:28  Marine, SCV  
  52  8:41  SCV  
Show
View Real Time Build Order
Export as new Build Order

zidar Zerg - Winner!

Build Orders: Hatch First 

Get SALT Encoding   

  12  0:01  Drone  
  13  0:12  Overlord  
  13  0:17  Drone  
  14  0:30  Drone x2  
  14  0:34  Drone  
  17  0:56  Hatchery  
  16  0:58  Drone  
  17  1:05  Extractor, Drone  
  17  1:28  Spawning Pool  
  17  1:32  Drone x2  
  18  1:35  Overlord  
  18  1:50  Drone  
  19  2:06  Drone x2  
  21  2:15  Drone  
  21  2:18  Queen  
  23  2:23  Drone x2  
  25  2:31  Queen  
  27  2:48  Roach Warren  
  27  2:49  Drone x5  
  31  2:57  Extractor  
  30  3:09  Queen  
  30  3:10  Queen  
  34  3:28  Hatchery  
  33  3:36  Overlord x2  
  35  4:01  Roach x2  
  35  4:02  Roach x4  
  45  4:32  Overlord x3  
  43  5:09  Roach x12  
  63  5:47  Roach  
  63  5:48  Roach x4  
  73  6:07  Ravager  
  73  6:08  Evolution Chamber  
  73  6:09  Ravager  
  74  6:36  Overlord x3  
  74  6:42  Zerg Missile Weapons Level 1  
  68  7:05  Roach  
  68  7:06  Roach x12  
  94  7:13  Ravager  
  94  7:14  Ravager x3  
  98  7:19  Overlord x3  
  100  7:44  Roach x4  
  100  7:45  Roach x2  
  110  7:54  Ravager  
  110  7:55  Ravager  
Tags
 
Add a new tag
Caveats
  • Supply blocks, unpowered buildings, or Contaminate may cause inaccurate times.
  • Supply counts are checked every 10 seconds.